 Dungeon Crawl Stone Soup version 0.22.1-6-g1668fe2 (webtiles) character file.

575 Sandy the Cutter (level 6, 0/51 HPs)
             Began as a Demigod Artificer on Jan 24, 2019.
             Slain by a sky beast (6 damage)
             ... on level 4 of the Dungeon.
             The game lasted 00:23:06 (4978 turns).

Sandy the Cutter (Demigod Artificer)                Turns: 4978, Time: 00:23:07

Health: 0/51       AC:  3    Str: 19    XL:     6   Next: 88%
Magic:  10/10      EV: 17    Int: 22    God:
Gold:   190        SH:  0    Dex: 23    Spells: 5/5 levels left

rFire    . . .     SeeInvis .   a - +1 short sword
rCold    . . .     Gourm    .   (no shield)
rNeg     . . .     Faith    .   b - +0 leather armour
rPois    .         Spirit   .   (no helmet)
rElec    .         Reflect  .   (no cloak)
rCorr    .         Harm     .   (no gloves)
MR       .....                  (no boots)
Stlth    ++........             p - amulet of the acrobat
HPRegen  0.17/turn              u - +6 ring of slaying
MPRegen  0.12/turn              (no ring)

@: confused, brilliant, agile, hasted, very quick
A: thin skeletal structure 1, blurry vision 1, clever 1, high mp 1, evolution 1
a: no special abilities


You were on level 4 of the Dungeon.
You were not hungry.

You visited 1 branch of the dungeon, and saw 5 of its levels.

You collected 190 gold pieces.

Inventory:

Hand Weapons
 a - a +1 short sword (weapon)
 h - a +0 spear
 w - a +0 blowgun
 A - a +1 flail of protection
 C - a +2 flail of protection
Missiles
 l - 140 stones (quivered)
 x - 4 poisoned needles
Armour
 b - a +0 leather armour (worn)
Jewellery
 p - an amulet of the acrobat (around neck)
 s - an uncursed ring of resist corrosion {unknown}
 u - a +6 ring of slaying (left hand)
 z - a cursed ring of teleportation {unknown}
Wands
 c - a wand of flame (3)
 d - a wand of enslavement (15)
 e - a wand of random effects (9)
Scrolls
 g - a scroll of fog {unknown}
 i - 4 scrolls of remove curse {unknown}
 j - 3 scrolls of noise {unknown}
 k - 4 scrolls of teleportation
 n - 2 scrolls of identify
 E - 2 scrolls of enchant armour {unknown}
Potions
 o - 3 potions of magic
 r - 3 potions of mutation
 t - a potion of brilliance
 v - a potion of agility
 F - a potion of berserk rage {unknown}
 G - a potion of lignification {unknown}
Comestibles
 f - 8 rations


   Skills:
 * Level 3.0 Fighting
 + Level 6.3 Short Blades
 - Level 1.7 Dodging
 - Level 0.8 Stealth
 - Level 2.6 Evocations


You had 5 spell levels left.
You didn't know any spells.
Your spell library was empty.

Dungeon Overview and Level Annotations

Branches:
Dungeon (5/15)
 Temple: D:4-7


Innate Abilities, Weirdness & Mutations

You have an increased reservoir of magic. (+10% MP)
You have a somewhat thin skeletal structure. (Dex +2, Stealth)
Scrolls take you a little longer to read.
Your mind is acute. (Int +2)
You evolve.


Message History

You feel better. The sky beast barely misses you.
There's nothing to close nearby.
Evoke which item? (* to show all) (? for menu, Esc to quit)
Okay, then.
You barely miss the sky beast.
The sky beast is almost dead.
The sky beast hits you.
* * * LOW HITPOINT WARNING * * *
The sky beast shocks you.
* * * LOW HITPOINT WARNING * * *
It was a potion of agility.
You feel agile all of a sudden. The sky beast barely misses you.
It was a potion of ambrosia.
You are confused.
You feel invigorated. The sky beast barely misses you.
It was a potion of haste.
You feel yourself speed up. The sky beast hits you.
* * * LOW HITPOINT WARNING * * *
The sky beast shocks you.
You die...

##.......... #..#........
#######..#........
#########.................
#..........##....#......##
#..........##.#..#.#######
#..........##.#..#....<...
#..........##.#.##.....###
#........@..).............
#.......Y...#.............
###########.#####.....####
#.# #.....# # #.# #.....#
# ########'### #.....# #
#..........###.....####
#..........'.'.....'...
#..........###.....####


You could see a sky beast.

Vanquished Creatures
  An ogre (D:4)
  2 scorpions
  A gnoll shaman (D:4)
  An orc wizard (D:4)
  Jessica (D:3)
  Natasha (thrice) (D:3)
  A worker ant (D:4)
  6 gnolls (D:4)
  7 adders
  A worm (D:4)
  3 leopard geckos
  6 orcs
  3 giant cockroaches
  9 goblins
  10 hobgoblins
  10 jackals
  4 kobolds
  3 quokkas
  8 bats
  6 frilled lizards
  6 rats
92 creatures vanquished.

Notes
Turn   | Place    | Note
-------+----------+-------------------------------------------
     0 | D:1      | Sandy the Demigod Artificer began the quest for the Orb.
     0 | D:1      | Reached XP level 1. HP: 15/15 MP: 5/5
    44 | D:1      | Reached skill level 1 in Short Blades
   190 | D:1      | Reached skill level 2 in Short Blades
   190 | D:1      | Reached XP level 2. HP: 21/22 MP: 6/6
  1064 | D:2      | Reached XP level 3. HP: 26/27 MP: 7/7
  1157 | D:2      | Reached skill level 3 in Short Blades
  1756 | D:3      | Found a sparkling altar of Nemelex Xobeh.
  1790 | D:3      | Found a hazy altar of Hepliaklqana.
  1816 | D:3      | Noticed Jessica
  1822 | D:3      | Killed Jessica
  1822 | D:3      | Reached XP level 4. HP: 31/34 MP: 8/8
  1893 | D:3      | Reached skill level 4 in Short Blades
  2235 | D:3      | Reached skill level 1 in Fighting
  2285 | D:3      | Noticed Natasha
  2295 | D:3      | Killed Natasha
  2415 | D:4      | Reached XP level 5. HP: 41/41 MP: 9/9
  2455 | D:4      | Reached skill level 5 in Short Blades
  2652 | D:5      | Entered Level 5 of the Dungeon
  2963 | D:4      | Noticed an ogre
  2971 | D:4      | Killed an ogre
  2971 | D:4      | Reached XP level 6. HP: 50/50 MP: 10/10
  3032 | D:3      | Noticed Natasha
  3041 | D:3      | Killed Natasha
  3096 | D:3      | Noticed Natasha
  3105 | D:3      | Killed Natasha
  3278 | D:3      | Reached skill level 6 in Short Blades
  4134 | D:5      | HP: 1/50 [centaur/arrow (11)]
  4972 | D:4      | Gained mutation: You evolve. [potion of mutation]
  4972 | D:4      | Gained mutation: You have a somewhat thin skeletal
                  | structure. (Dex +2, Stealth) [potion of mutation]
  4972 | D:4      | Gained mutation: Scrolls take you a little longer to read.
                  | [potion of mutation]
  4972 | D:4      | Gained mutation: Your mind is acute. (Int +2) [potion of
                  | mutation]
  4978 | D:4      | Slain by a sky beast

Skill      XL: |  1  2  3  4  5  6 |
---------------+-------------------+-----
Short Blades   | 2 3 4 5 6 |  6.3
Fighting       | 1 2 3 |  3.0
Dodging        | |  1.7
Stealth        | |  0.8
Evocations     | |  2.6

Action                   |  1- 3 |  4- 6 || total
-------------------------+-------+-------++-------
Melee: Short sword       |   170 |   126 ||   296
Throw: Stone             |    49 |    59 ||   108
Evoke: Wand              |     7 |    11 ||    18
  Use: Scroll            |     2 |     4 ||     6
       Potion            |     1 |     7 ||     8
 Stab: Sleeping          |     1 |     3 ||     4
  Eat: Chunk             |     3 |    10 ||    13
Armor: Leather armour    |    42 |    17 ||    59
Dodge: Dodged            |   112 |    63 ||   175
